 Dungeon Crawl Stone Soup version 0.30.0-29-ga12c61a403 (webtiles) character file.

Game seed: 5896086928488806990

17 Bnni the Digger (level 2, 0/17 (20) HPs)
             Began as a Formicid Earth Elementalist on June 20, 2023.
             Slain by a bat (1 damage)
             ... on level 1 of the Dungeon.
             The game lasted 00:01:03 (219 turns).

Bnni the Digger (Formicid Earth Elementalist)        Turns: 219, Time: 00:01:04

HP:   0/17 (20)     AC:  2    Str: 12    XL:     2   Next: 80%
MP:   1/5           EV: 12    Int: 14    God:
Gold: 14            SH:  0    Dex: 14    Spells: 4/5 levels left

rFire   . . .        c - +0 whip
rCold   . . .        (no shield)
rNeg    . . .        a - +0 robe
rPois   .            (helmet unavailable)
rElec   .            (no cloak)
rCorr   .            (no gloves)
SInv    +            (no boots)
Will    .....        (no amulet)
Stlth   ++           (no ring)
HPRegen 0.22/turn    (no ring)
MPRegen 0.09/turn

%: no passive effects
@: heavily drained, invisible
A: permanent stasis, dig shafts and tunnels, antennae 3, four strong arms
a: Dig, Shaft Self


You were on level 1 of the Dungeon.
You visited 1 branch of the dungeon, and saw 1 of its levels.

You collected 14 gold pieces.

Inventory:

Hand Weapons
 c - a +0 whip (weapon)
Armour
 a - a +0 robe (worn)
Scrolls
 d - a scroll of vulnerability {unknown}
Potions
 b - a potion of magic


   Skills:
 + Level 0.4 Fighting
 - Level 1.7 Dodging
 - Level 2.4 Stealth
 + Level 2.3 Spellcasting
 * Level 0.8 Conjurations
 * Level 1.6 Transmutations
 * Level 3.9 Earth Magic


You had 4 spell levels left.
You knew the following spells:

 Your Spells              Type           Power      Damage    Failure   Level
a - Sandblast             Erth           24%        2d8       4%          1

Your spell library contained the following spells:

 Spells                   Type           Power      Damage    Failure   Level
 Passwall                 Tmut/Erth      7%         N/A       11%         2
 Stone Arrow              Conj/Erth      16%        3d8       26%         3
 Petrify                  Tmut/Erth      9%         N/A       58%         4


Dungeon Overview and Level Annotations

Branches:
Dungeon (1/15)

Altars:


Innate Abilities, Weirdness & Mutations

You cannot be hasted, slowed, berserked, paralysed or teleported.
You can dig through walls and to a lower floor.
You have a pair of large antennae on your head. (SInv)
Your four strong arms can wield two-handed weapons with a shield.


Message History

Unknown command.
You closely miss the jackal. The bat completely misses you.
The jackal barely misses you.
A kobold comes into view. It is wielding a +0 whip.
The bat hits you but does no damage.
A ball python comes into view.
The jackal bites you.
* * * LOW HITPOINT WARNING * * *
It was a potion of invisibility.
You fade into invisibility!
The bat closely misses you. x2; The jackal misses you.
You catch the helpless jackal completely off-guard!
You hit the jackal.
The jackal is moderately wounded.
The bat closely misses you.
A goblin comes into view. It is wielding a +0 club.
The bat barely misses you.
Unknown command.
You barely miss the jackal.
The jackal is moderately wounded.
The bat misses you. The jackal closely misses you. The bat misses you.
Unknown command.
You hit the jackal.
The jackal is severely wounded.
The bat barely misses you.
The kobold throws a stone.
The stone closely misses the kobold.
The stone hits the jackal but does no damage.
You hit the jackal but do no damage.
The jackal is severely wounded.
The bat hits you.
* * * LOW HITPOINT WARNING * * *
A goblin comes into view. It is wielding a +0 club.
The kobold throws a stone.
The stone barely misses the kobold.
The stone hits the jackal.
The jackal barks!
You barely miss the jackal.
The jackal is almost dead.
The goblin shouts!
You hear a bark!
The bat closely misses you. The jackal barely misses you. The bat hits you.
You die...

'.......>#
#.......b.....
'..§§.§.<#
#....#####....
#≈≈§≈§####
#(.........S..
#≈≈#≈≈≈≈§≈
#........#....
##≈≈≈§≈≈≈§
#..)...### .
##§≈≈§§#≈≈§
#h......#
###§§≈§≈≈§§§
#g#..#..#
###≈≈≈≈≈≈#
#b#..#...#
########
#@#........
#h#.#####...
#K#.# ...
.K#$# ## ..#.#
..## g. ..J


You could see an endoplasm, 2 jackals, a hobgoblin (unable to see you), a goblin
(wandering, unable to see you), a bat and 2 kobolds.

Vanquished Creatures
  2 endoplasms (D:1)
  A goblin (D:1)
  A hobgoblin (D:1)
  6 jackals (D:1)
  2 kobolds (D:1)
  A frilled lizard (D:1)
  A rat (D:1)
14 creatures vanquished.

Notes
Turn   | Place    | Note
-------+----------+-------------------------------------------
     0 | D:1      | Bnni the Formicid Earth Elementalist began the quest for
                  | the Orb.
     0 | D:1      | Reached XP level 1. HP: 13/13 MP: 3/3
    66 | D:1      | Reached XP level 2. HP: 10/19 MP: 5/5
   219 | D:1      | Slain by a bat

Illustrated notes

Levels and vault maps discovered:
D:1:      lightli_molten_gateway, layout_rooms, minmay_tiny_reverse_x

Action                     || total
---------------------------++-------
  Melee: Whip              ||    24
         Unarmed           ||     3
   Cast: Sandblast         ||    15
Ability: Dig               ||     1
    Use: Potion            ||     1
   Stab: Invisible         ||     1
 Armour: Robe              ||    17
  Dodge: Dodged            ||    47
